 Dungeon Crawl Stone Soup version 0.24-a0-89-gce0dbf48b2 (webtiles) character file.

Game seed: 17212293839353033784

69 Camlann the Shield-Bearer (level 4, 32/35 HPs)
             Began as a Demonspawn Fighter on Feb 8, 2019.
             Quit the game on level 2 of the Dungeon.
             The game lasted 00:02:04 (1124 turns).

Camlann the Shield-Bearer (Demonspawn Fighter)      Turns: 1124, Time: 00:02:04

Health: 32/35      AC:  6    Str: 16    XL:     4   Next: 2%
Magic:  4/4        EV:  7    Int:  9    God:
Gold:   48         SH: 10    Dex: 14    Spells: 3/3 levels left

rFire    . . .     SeeInvis .     - Unarmed
rCold    . . .     Gourm    .   b - +1 shield
rNeg     . . .     Faith    .   a - +0 scale mail
rPois    .         Spirit   .   (no helmet)
rElec    .         Reflect  .   (no cloak)
rCorr    .         Harm     .   (no gloves)
MR       .....                  (no boots)
Stlth    +.........             f - amulet of magic regeneration
HPRegen  0.11/turn              g - ring of stealth
MPRegen  0.34/turn              (no ring)

@: no status effects
A: hooves 1, powered by death 1
a: no special abilities


You were on level 2 of the Dungeon.
You were not hungry.

You visited 1 branch of the dungeon, and saw 2 of its levels.

You collected 48 gold pieces.

Inventory:

Armour
 a - a +0 scale mail (worn)
 b - a +1 shield (worn)
Jewellery
 f - an amulet of magic regeneration (around neck)
 g - a ring of stealth (left hand)
Potions
 c - a potion of might
 k - a potion of ambrosia
Comestibles
 d - 3 rations
 h - 2 chunks of flesh


   Skills:
 - Level 3.0 Fighting
 - Level 2.6 Armour
 + Level 4.5 Shields
 - Level 1.7 Unarmed Combat


You had 3 spell levels left.
You didn't know any spells.
Your spell library was empty.

Dungeon Overview and Level Annotations

Branches:
Dungeon (2/15)

Altars:


Innate Abilities, Weirdness & Mutations

You have large cloven feet.
You regenerate a little health from kills.


Message History

The leopard gecko bites you but does no damage.
Your shield prevents you from hitting the leopard gecko.
You block the leopard gecko's attack.
You miss the leopard gecko. The leopard gecko closely misses you.
You barely miss the leopard gecko. You block the leopard gecko's attack.
The leopard gecko bites you but does no damage.
You closely miss the leopard gecko. You block the leopard gecko's attack.
You closely miss the leopard gecko. You block the leopard gecko's attack.
Your magical contamination has completely faded away.
You hit the leopard gecko but do no damage.
You block the leopard gecko's attack.
You hit the leopard gecko but do no damage.
You block the leopard gecko's attack. The leopard gecko bites you.
You hit the leopard gecko.
You kill the leopard gecko!
You have reached level 4!
You feel agile.
Your demonic ancestry asserts itself...
Your feet thicken and deform.
Okay, then.
Search for what [? for help]? branded

# .# #.# .########..
.........# ###
######## #@###.. #
#......# #..#.#
#.###.####.#####.#.#
#.....#.)#.......###
#...##....##.#####
#.#.#.....(#.#
#.#(.....#.#
.#.##....##.#
#.....#.(#...#


There were no monsters in sight!

Vanquished Creatures
  A gnoll (D:1)
  An adder (D:2)
  An ooze (D:2)
  A dart slug (D:2)
  2 leopard geckos (D:2)
  3 giant cockroaches
  6 goblins
  5 hobgoblins
  5 bats (D:1)
  4 frilled lizards (D:1)
  8 kobolds
  3 rats (D:1)
40 creatures vanquished.

Notes
Turn   | Place    | Note
-------+----------+-------------------------------------------
     0 | D:1      | Camlann the Demonspawn Fighter began the quest for the Orb.
     0 | D:1      | Reached XP level 1. HP: 18/18 MP: 1/1
    37 | D:1      | Reached skill level 3 in Shields
   253 | D:1      | Gained mutation: You regenerate a little health from kills.
                  | [demonic ancestry]
   253 | D:1      | Reached XP level 2. HP: 24/24 MP: 2/2
   662 | D:1      | Reached XP level 3. HP: 15/29 MP: 3/3
   672 | D:1      | Reached skill level 4 in Shields
  1123 | D:2      | Gained mutation: You have large cloven feet. [demonic
                  | ancestry]
  1123 | D:2      | Reached XP level 4. HP: 32/35 MP: 4/4
  1124 | D:2      | Quit the game

Levels and vault maps discovered:
D:1:      nicolae_arrival_memento_mori, layout_loops_ring,
          chequers_serial_rivers_micro_e
D:2:      layout_loops_ring, overflow_temple_1_default, minmay_hexomino_c4

Skill      XL: |  1  2  3 |
---------------+----------+-----
Shields        | 3 4 |  4.5
Fighting       | |  3.0
Armour         | |  2.6
Unarmed Combat | |  1.7

Action                   |  1- 3 |  4- 6 || total
-------------------------+-------+-------++-------
Melee: Unarmed           |   223 |       ||   223
  Use: Scroll            |     6 |       ||     6
       Potion            |     5 |       ||     5
  Eat: Chunk             |     1 |       ||     1
Armor: Scale mail        |    65 |       ||    65
Dodge: Dodged            |    64 |       ||    64
Block: Shield            |   114 |       ||   114

Table legend:
 A = Non-vault XP
 B = Vault XP
 C = Vault XP percentage of total XP
 D = Non-vault monster count
 E = Vault monster count
 F = Vault count percentage of total count
                 A         B        C        D         E       F
            +---------+---------+-------+---------+---------+-------
      Total |      75 |      24 |  24.2 |      35 |       5 |  12.5
            +---------+---------+-------+---------+---------+-------
        D:1 |      55 |       0 |   0.0 |      28 |       0 |   0.0
        D:2 |      20 |      24 |  54.5 |       7 |       5 |  41.7
            +---------+---------+-------+---------+---------+-------
